[Event "*** SCC Grand Prix: Titled Tuesday Blitz"]
[Site "Chess.com"]
[Date "2020.08.11"]
[Round "8"]
[White "RaunakSadhwani2005"]
[Black "DenLaz"]
[Result "1-0"]
[WhiteElo "2944"]
[BlackElo "2683"]
[TimeControl "180+1"]
[EndTime "11:34:44 PDT"]
[Termination "RaunakSadhwani2005 won by resignation"]

1. d4 d5 2. Bf4 Nf6 3. e3 e6 4. Nf3 Bd6 5. Bd3 O-O 6. Nbd2 c5 7. c3 Nc6 8. Bg3 b6 9. e4 Be7 10. e5 Nh5 11. Ng5 Bxg5 12. Qxh5 g6 13. Qe2 cxd4 14. h4 Bh6 15. h5 dxc3 16. bxc3 Bg7 17. hxg6 fxg6 18. Nf3 Bd7 19. Qe3 Ne7 20. Bh4 Qe8 21. Bf6 Rxf6 22. exf6 Bxf6 23. O-O Rc8 24. Rac1 Nf5 25. Bxf5 exf5 26. Qd2 Bc6 27. Rfe1 Qf8 28. Nd4 Bb7 29. Re6 Rd8 30. Rce1 Bc8 31. R6e2 Bd7 32.
Qd3 Kg7 33. Qa6 Ra8 34. Qb7 Qc8 35. Qxd5 Be8 36. Rxe8 Qxe8 37. Qb7+ Kh6 38. Rxe8 Rxe8 39. Qxa7 Re1+ 40. Kh2 Be5+ 41. g3 Rb1 42. Qe7 Bxd4 43. Qh4+ Kg7 44. Qxd4+ Kh6 45. Qh4+ Kg7 46. Qe7+ Kh6 47.
a4 Rb2 48. Kg2 Rb3 49. Qh4+ Kg7 50. Qc4 Rb2 51. Qd4+ Kh6 52. c4 Rb4 53. Qd2+ Kg7 54. Qxb4 1-0

[Event "*** SCC Grand Prix: Titled Tuesday Blitz"]
[Site "Chess.com"]
[Date "2020.08.11"]
[Round "8"]
[White "emperor87"]
[Black "tptagain"]
[Result "0-1"]
[WhiteElo "2621"]
[BlackElo "2909"]
[TimeControl "180+1"]
[EndTime "11:34:44 PDT"]
[Termination "tptagain won by resignation"]

1. e4 g6 2. d4 Bg7 3. Nc3 c6 4. Be3 d5 5. e5 f6 6. f4 Nh6 7. Be2 O-O 8. Qd2 Nf5 9. Bf2 fxe5 10. fxe5 Bh6 11. Qd3 b6 12. Nf3 Ba6 13. Qd1 e6 14. Bxa6 Nxa6 15. Ne2 c5 16. O-O Ne3 17. Bxe3 Bxe3+ 18.
Kh1 Bh6 19. c3 Qe7 20. Qd3 Nb8 21. h3 Nc6 22. a3 c4 23. Qc2 b5 24. Nh2 Qg5 25. Ng4 Bg7 26. Ng1 h5 27. Nf3 Qf5 28. Qxf5 gxf5 29. Ne3 Bh6 30. Nc2 a5 31. Ng1 Kh7 32. Ne2 Rg8 33. Kh2 Rg7 34. Nf4 Bxf4+ 35. Rxf4 Rag8 36. Ne3 Kh6 37. g4 hxg4 38. hxg4 Rg5 39.
Rh1 Ne7 40. Kg3+ Kg7 41. Kf2 Ng6 42. Rf3 fxg4 43. Rf6 Rf8 44. Rxf8 g3+ 45. Kg2 Kxf8 46. Rf1+ Kg7 47. Rf6 Nh4+ 48. Kg1 g2 49. Rf2 Kg6 50.
Nxg2 Kh5 51. Kh2 Rxg2+ 52. Rxg2 Nxg2 53. Kxg2 Kg4 54. Kh2 Kf3 55. Kh3 Ke3 56. Kg4 b4 57. Kg5 bxc3 58. bxc3 Kd3 59. Kf6 Kxc3 60. Kxe6 Kxd4 61.
Kf6 c3 62. e6 c2 63. e7 c1=Q 64. e8=Q Qf4+ 0-1

[Event "*** SCC Grand Prix: Titled Tuesday Blitz"]
[Site "Chess.com"]
[Date "2020.08.11"]
[Round "8"]
[White "UmbertoConcelli"]
[Black "Chess_Boxer123"]
[Result "1-0"]
[WhiteElo "2705"]
[BlackElo "2581"]
[TimeControl "180+1"]
[EndTime "11:34:44 PDT"]
[Termination "UmbertoConcelli won on time"]

1. d4 d5 2. Nf3 Nf6 3. Bg5 Ne4 4.
Bh4 c5 5. e3 Nc6 6. c3 Qb6 7.
Qb3 c4 8. Qc2 Bf5 9. Qc1 e6 10.
Nbd2 h6 11. Be2 Rc8 12. O-O Bd6 13. Nxe4 Bxe4 14. Nd2 Bh7 15. Bf3 Bd3 16. Re1 g5 17. Bg3 Bxg3 18. hxg3 f5 19. b3 Na5 20. Qa3 Kf7 21.
Bh5+ Kf6 22. g4 Rhd8 23. Nf3 Nc6 24. Ne5 Nxe5 25. dxe5+ Kxe5 26. Qe7 Qc5 27. Qg7+ Kd6 28. gxf5 exf5 29. Qxh6+ Kc7 30. Qxg5 Kb8 31. Qf4+ Ka8 32. b4 Qe7 33. Bf3 Rh8 34. Bxd5 Qh7 35. f3 Qd7 36.
Qd4 Qc7 37. Kf2 Rhd8 38. Rh1 Qd7 39. e4 fxe4 40. Bxe4 Qc7 41. Qe3 Qg7 42. Rh7 Qxc3 43. Bxb7+ Kb8 44. Qf4+ 1-0

[Event "*** SCC Grand Prix: Titled Tuesday Blitz"]
[Site "Chess.com"]
[Date "2020.08.11"]
[Round "8"]
[White "DinaBelenkaya"]
[Black "Mr_Sinigami"]
[Result "1-0"]
[WhiteElo "2355"]
[BlackElo "2575"]
[TimeControl "180+1"]
[EndTime "11:34:44 PDT"]
[Termination "DinaBelenkaya won on time"]

1. e4 d5 2. exd5 Nf6 3. Bb5+ Bd7 4. Bc4 Bf5 5. Nc3 Nbd7 6. Nf3 Nb6 7. Bb5+ Bd7 8. Qe2 Nbxd5 9. Nxd5 Nxd5 10. O-O c6 11. Bc4 Bg4 12. h3 Bh5 13. g4 Bg6 14. Ne5 e6 15. f4 Qh4 16. Bxd5 Qxh3 17. Nxc6 bxc6 18.
Bxc6+ Kd8 19. d4 Rc8 20. Bg2 Qg3 21. Rf3 Qxg4 22. Qb5 Bd6 23. c4 Be4 24. Qa5+ Bc7 25. Qg5+ Qxg5 26. fxg5 Bxf3 27. Bxf3 Bd6 28. b3 Ke7 29.
Kg2 f6 30. Be3 h6 31. g6 f5 32. Re1 Kf6 33. Bh5 e5 34. Bf2 Rhe8 35. Bh4+ Ke6 36.
dxe5 Bxe5 37. Bf3 Kd6 38. Bd5 Kc7 39. b4 Bd6 40. Rd1 Re3 41. Rb1 1-0

[Event "*** SCC Grand Prix: Titled Tuesday Blitz"]
[Site "Chess.com"]
[Date "2020.08.11"]
[Round "8"]
[White "Zkid"]
[Black "Gorin_Leonid"]
[Result "1-0"]
[WhiteElo "2845"]
[BlackElo "2617"]
[TimeControl "180+1"]
[EndTime "11:34:45 PDT"]
[Termination "Zkid won by resignation"]

1. e4 e5 2. Nf3 Nc6 3. Bc4 Bc5 4. c3 Nf6 5. d3 a6 6. Bg5 h6 7. Bh4 Ba7 8. Nbd2 d6 9. a4 Be6 10. b4 Qe7 11. b5 Nb8 12. O-O O-O 13. Re1 Nbd7 14.
d4 axb5 15. axb5 Bg4 16. h3 Bh5 17. Qc2 Bb6 18. Bd3 Rfe8 19. g4 Bg6 20. Nc4 Rxa1 21.
Rxa1 exd4 22. Nxb6 Nxb6 23. cxd4 Bxe4 24. Re1 Bxd3 25.
Qxd3 Qd8 26. Rxe8+ Qxe8 27. Bxf6 gxf6 28. Qd2 Qe4 29.
Nh4 Nd5 30. Ng2 Kg7 31. Kh2 Qf3 32. Qe1 Nf4 33. Ne3 Qxh3+ 34. Kg1 Kg8 35. Qd1 h5 36. gxh5 Qxh5 37. Qxh5 Nxh5 38. Nd5 Kf8 39. Nxc7 Ke7 40.
Kf1 Kd7 41. Nd5 Ke6 42. Nc3 Nf4 43. Ke1 Nd5 44. Ne2 Kf5 45. f3 Nf4 46. Ng3+ Ke6 47. Kd2 Kd5 48. Kc3 Ne6 49. Nf5 Nxd4 50. Nxd4 Kc5 51. Kd3 d5 52. Kc3 f5 53. f4 f6 54. Kd3 Kb4 55. b6 Kc5 56. Nxf5 Kxb6 57. Kd4 Kc6 58. Ne7+ Kd6 59. Nxd5 Ke6 60. Ne3 Kd6 61. f5 b5 62. Nd5 b4 63. Nxf6 b3 64.
Ne4+ Kc6 65. Kc3 1-0

[Event "*** SCC Grand Prix: Titled Tuesday Blitz"]
[Site "Chess.com"]
[Date "2020.08.11"]
[Round "8"]
[White "Gerodot71"]
[Black "JonasHilwerda"]
[Result "1-0"]
[WhiteElo "2406"]
[BlackElo "2218"]
[TimeControl "180+1"]
[EndTime "11:34:45 PDT"]
[Termination "Gerodot71 won by checkmate"]

1. d4 Nf6 2. c4 e5 3. dxe5 Ng4 4. Nf3 Bc5 5. e3 Nc6 6. Nc3 O-O 7. Be2 Re8 8. O-O Ngxe5 9. b3 Nxf3+ 10. Bxf3 Ne5 11. Be2 a5 12. Bb2 Ra6 13. Ne4 Ba7 14. Bd4 Qh4 15. f4 Nc6 16. Bxa7 Nxa7 17. Bf3 Rh6 18. h3 Rg6 19. Kh1 d5 20. Nf2 Rxe3 21. Qxd5 c6 22.
Qh5 Qxf4 23. Rad1 h6 24. Nd3 Rxd3 25. Rxd3 Rg5 26. Rd8+ Kh7 27. Be4+ Qxe4 28. Qf3 Qxf3 29. Rxf3 f6 30. Re3 a4 31. Re7 axb3 32. axb3 Rg3 33. b4 Rb3 34. Rf8 Rxb4 35. Rff7 Kg6 36. g4 Kg5 37.
Kg2 Kh4 38. Rxg7 Rb2+ 39. Kf3 Kxh3 40. Re3 Kh4 41. Rg6 h5 42. gxh5 Kxh5 43. Rg8 Kh6 44. Kf4 Rf2+ 45. Ke4 Rf5 46. Rh3+ Rh5 47. Rh8+ Kg6 48.
R3xh5 f5+ 49. Kf4 Kf6 50. R8h7 Ke6 51. R5h6# 1-0

[Event "*** SCC Grand Prix: Titled Tuesday Blitz"]
[Site "Chess.com"]
[Date "2020.08.11"]
[Round "8"]
[White "czasnaszachy"]
[Black "guillembaches"]
[Result "0-1"]
[WhiteElo "2228"]
[BlackElo "2402"]
[TimeControl "180+1"]
[EndTime "11:34:45 PDT"]
[Termination "guillembaches won on time"]

1. d4 Nf6 2. c4 e6 3. Nc3 Bb4 4. e3 O-O 5. Ne2 d5 6. a3 Be7 7. cxd5 Nxd5 8. g3 c5 9. Bg2 cxd4 10. exd4 Nc6 11. O-O Bf6 12. Be3 Nce7 13. Rc1 Bd7 14. Nf4 Bc6 15. Nd3 Nxe3 16. fxe3 Bxg2 17. Kxg2 Nf5 18.
Qe2 Rc8 19. Rf3 Bxd4 20. exd4 Nxd4 21. Qf2 Nxf3 22. Qxf3 Qb6 23. Qe2 Rfd8 24. Rf1 Qa6 25. Rf3 Rd4 26. Ne4 Rcd8 27. Nec5 Qc6 28. Kf2 b6 29. Nb3 Re4 30. Qd2 Qd5 31. Qc2 g6 32.
Nf4 Qb7 33. Rd3 Rc8 34. Qd2 Rec4 35. Rd8+ Kg7 36. Rxc8 Qxc8 37. Kf3 Rc2 38. Qd4+ f6 39. Qd6 Qc6+ 40. Qxc6 Rxc6 41. Nd4 Rc1 42. Nfxe6+ Kf7 0-1

[Event "*** SCC Grand Prix: Titled Tuesday Blitz"]
[Site "Chess.com"]
[Date "2020.08.11"]
[Round "8"]
[White "TioCridineno"]
[Black "Novoselski"]
[Result "1-0"]
[WhiteElo "2219"]
[BlackElo "2360"]
[TimeControl "180+1"]
[EndTime "11:34:45 PDT"]
[Termination "TioCridineno won by resignation"]

1. e4 c5 2. Nf3 d6 3. d4 cxd4 4.
Nxd4 Nf6 5. Nc3 a6 6. Bg5 e6 7. f4 Qc7 8. Qf3 b5 9. O-O-O Bb7 10. Bd3 Nbd7 11. Rhe1 Nc5 12. Bxf6 gxf6 13. f5 e5 14. Nb3 h5 15. Kb1 b4 16. Nd5 Bxd5 17.
exd5 a5 18. Nd4 Be7 19. Nc6 Qb6 20. h4 Kd7 21. Rg1 Rag8 22. g4 hxg4 23. Rxg4 Nxd3 24. cxd3 Rxg4 25. Qxg4 a4 26. Rh1 b3 27. Qxa4 bxa2+ 28. Ka1 Ke8 29. Qa8+ Bd8 30. Nxd8 Qxd8 31. Qxd8+ Kxd8 32. h5 Ke7 33. Kxa2 Kf8 34. h6 Kg8 35. h7+ Kg7 36. b4 Ra8+ 37. Kb3 Kh8 38. b5 Rc8 39. Kb4 Rc2 40. b6 Rb2+ 41. Ka5 Rb3 42. Ka6 Ra3+ 43. Kb7 Rxd3 44. Kc7 Rxd5 45. b7 Rb5 46. b8=Q+ Rxb8 47.
Kxb8 d5 48. Kc7 d4 49. Kd6 d3 50. Kd5 d2 51. Ke4 d1=Q 52. Rxd1 Kxh7 53. Rg1 Kh6 54. Rg8 Kh7 55. Rg3 Kh6 56. Kd5 Kh5 57. Kd6 Kh4 58. Rg1 e4 59. Ke7 e3 60. Kxf6 e2 61.
Kxf7 1-0

[Event "*** SCC Grand Prix: Titled Tuesday Blitz"]
[Site "Chess.com"]
[Date "2020.08.11"]
[Round "8"]
[White "jamalm2"]
[Black "DonBroca"]
[Result "1-0"]
[WhiteElo "1846"]
[BlackElo "2099"]
[TimeControl "180+1"]
[EndTime "11:34:45 PDT"]
[Termination "jamalm2 won on time"]

1. Nf3 Nf6 2. e3 g6 3. c4 Bg7 4. Nc3 O-O 5. d4 d6 6. Bd3 Nc6 7. O-O e5 8. Bb1 Bg4 9. h3 Bxf3 10. Qxf3 exd4 11. exd4 Nxd4 12. Qd3 Ne6 13. Nd5 Nxd5 14. cxd5 Nc5 15. Qe3 Qd7 16. Qg3 Rfe8 17. Bc2 Ne4 18. Qh4 Nf6 19. Bb3 Qb5 20. Bh6 Nxd5 21. Bxg7 Kxg7 22.
Qd4+ Nf6 23. g4 Qe5 24. Qc4 Re7 25. Rae1 Qxe1 26. Rxe1 Rxe1+ 27. Kg2 Re7 28. g5 Nh5 29. Qd4+ Kg8 30. Bd1 Ng7 31. Bg4 Ne6 32. Qc4 Rae8 33. h4 Kg7 34. h5 Nxg5 35. Qc3+ Kg8 36. h6 f6 37. Qxf6 Ne4 38. Be6+ 1-0

[Event "*** SCC Grand Prix: Titled Tuesday Blitz"]
[Site "Chess.com"]
[Date "2020.08.11"]
[Round "8"]
[White "kuban1991"]
[Black "Bodnar_Mykola"]
[Result "1-0"]
[WhiteElo "2756"]
[BlackElo "2548"]
[TimeControl "180+1"]
[EndTime "11:34:46 PDT"]
[Termination "kuban1991 won by resignation"]

1. Nf3 Nf6 2. g3 b6 3. Bg2 Bb7 4. O-O e6 5. d3 d5 6. Nbd2 c5 7. e4 Nc6 8. e5 Nd7 9. Re1 Qc7 10. Qe2 Be7 11. h4 O-O-O 12. Nf1 h6 13. N1h2 Rdg8 14. Ng4 g5 15. h5 Kb8 16. c3 Re8 17. d4 f5 18. exf6 Nxf6 19. Nxf6 Bxf6 20. Be3 e5 21. dxc5 d4 22. cxb6 Qxb6 23. Bd2 e4 24. Nxd4 Bxd4 25. cxd4 Nxd4 26. Qd1 Nf3+ 27. Bxf3 exf3 28. Bc3 Rxe1+ 29. Qxe1 Rd8 30. Qe5+ Ka8 31. Re1 Qc6 32. Qf6 Qxf6 33. Bxf6 Rc8 34. Bg7 Rc6 35. Re8+ Bc8 36. Bxh6 Rc1+ 37.
Kh2 Rc2 38. g4 Rxf2+ 39. Kg3 Rc2 40. Bxg5 Rc4 41. Kxf3 Kb7 42. Bf4 Bd7 43. Re7 Kc8 44. h6 Bc6+ 45. Kg3 Rc2 46. h7 1-0

[Event "*** SCC Grand Prix: Titled Tuesday Blitz"]
[Site "Chess.com"]
[Date "2020.08.11"]
[Round "8"]
[White "praveenb2002"]
[Black "PowerThinking2650"]
[Result "1-0"]
[WhiteElo "2729"]
[BlackElo "2436"]
[TimeControl "180+1"]
[EndTime "11:34:46 PDT"]
[Termination "praveenb2002 won on time"]

1. d4 Nf6 2. c4 g6 3. Nc3 Bg7 4. e4 d6 5. h3 O-O 6. Be3 e5 7. d5 a5 8. g4 Na6 9. Nge2 Nd7 10. Ng3 c6 11. h4 Ndc5 12. h5 cxd5 13. cxd5 a4 14.
Be2 Qa5 15. Qd2 Bd7 16. Bh6 Bh8 17. Bxf8 Rxf8 18. Kf1 Bg7 19. Kg2 b5 20. Rac1 b4 21. Nb1 Qb6 22. Qe3 Qd8 23. Nd2 Bf6 24. Nf3 Bxg4 25. hxg6 fxg6 26. Rcd1 Bxf3+ 27. Qxf3 Bg5 28. Qg4 Qf6 29. f3 Nc7 30. Rh2 h5 31. Nxh5 Qe7 32.
Ng3 Rf4 33. Qc8+ Rf8 34. Qh3 Qg7 35. Rdh1 a3 36. bxa3 bxa3 37. Qh8+ Qxh8 38. Rxh8+ Kf7 39. R1h7+ Ke8 40. Rxf8+ Kxf8 41. Rxc7 Na4 42. Bc4 Nc3 43. Ra7 Bc1 44. Ne2 Nd1 45. Nxc1 1-0

[Event "*** SCC Grand Prix: Titled Tuesday Blitz"]
[Site "Chess.com"]
[Date "2020.08.11"]
[Round "8"]
[White "MuhittinBuker"]
[Black "Valeron87"]
[Result "1-0"]
[WhiteElo "2029"]
[BlackElo "2336"]
[TimeControl "180+1"]
[EndTime "11:34:46 PDT"]
[Termination "MuhittinBuker won on time"]

1. d4 d5 2. Nf3 e6 3. e3 c5 4. Bd3 Nf6 5. b3 cxd4 6. exd4 Bb4+ 7. Bd2 Bd6 8. O-O O-O 9. Re1 b6 10. c4 dxc4 11. bxc4 Bb7 12. Bc3 Nc6 13. Nbd2 Rc8 14. Rc1 Ba3 15. Rc2 Nb4 16. Bxb4 Bxb4 17. Re5 Bc6 18. Nb3 Bd6 19. Re1 Qc7 20. h3 Rfd8 21. Qe2 Bb4 22. Rec1 Qf4 23. Ne5 Ba4 24. Rd1 g6 25. g3 Qh6 26. Kg2 Bxb3 27. axb3 Rxd4 28. Ra2 a5 29. Bxg6 hxg6 30. Rxd4 Bc5 31. Rh4 Qg7 32. Qf3 Rd8 33. Rc2 Nh7 34. Nc6 Rc8 35. Na7 Rf8 36. Nb5 Ng5 37. Qd3 Qf6 38. Rf4 Qe5 39. Rd2 Qg7 40.
Qd7 Qb2 41. h4 Qc2 42. hxg5 1-0

[Event "*** SCC Grand Prix: Titled Tuesday Blitz"]
[Site "Chess.com"]
[Date "2020.08.11"]
[Round "8"]
[White "Juanovic"]
[Black "Ashedu66"]
[Result "1-0"]
[WhiteElo "2088"]
[BlackElo "2253"]
[TimeControl "180+1"]
[EndTime "11:34:46 PDT"]
[Termination "Juanovic won on time"]

1. e4 e5 2. Nf3 Nc6 3. Bb5 Nge7 4. O-O g6 5. c3 Bg7 6. d4 exd4 7. cxd4 d5 8. Bxc6+ bxc6 9. e5 O-O 10. Bg5 h6 11.
Bh4 g5 12. Bg3 Nf5 13. Nc3 f6 14. Re1 Nxg3 15. hxg3 Bg4 16. Qa4 Bxf3 17. exf6 Bxf6 18. gxf3 Qd6 19. Rad1 Rab8 20. Qc2 Kg7 21. Kg2 Rbe8 22. Rxe8 Rxe8 23. Qf5 Re7 24. Na4 Qe6 25. Qd3 Qd6 26. Nc5 Re8 27. Qf5 Re7 28. Nd3 Bxd4 29. f4 Bf6 30.
fxg5 Bxg5 31. Qg4 Qe6 32. Qh5 Qe4+ 33. f3 Qg6 34. Qg4 Qe6 35. Qxe6 Rxe6 36. f4 Bf6 37.
Kf3 Re4 38. b3 Re8 39. Rc1 Re6 40. f5 Rd6 41. g4 Kf7 42. Nc5 Ke7 43. Ne6 d4 44.
Ke4 Rd5 45. Kd3 1-0

[Event "*** SCC Grand Prix: Titled Tuesday Blitz"]
[Site "Chess.com"]
[Date "2020.08.11"]
[Round "8"]
[White "Fighter008"]
[Black "Oleksandr_Bortnyk"]
[Result "0-1"]
[WhiteElo "2681"]
[BlackElo "2972"]
[TimeControl "180+1"]
[EndTime "11:34:47 PDT"]
[Termination "Oleksandr_Bortnyk won on time"]

1. e4 c5 2. Nf3 d6 3. d4 cxd4 4. Nxd4 Nf6 5. Nc3 g6 6. Be3 Bg7 7. f3 a6 8. Qd2 h5 9. O-O-O b5 10. Nb3 Bb7 11. e5 b4 12. Na4 Nd5 13. Bc4 Nxe3 14.
Qxe3 Bh6 15. f4 O-O 16. Nb6 Ra7 17. Kb1 a5 18. Rhg1 a4 19. Nc1 Qc7 20. exd6 exd6 21. g4 h4 22. g5 Bg7 23. f5 d5 24. f6 dxc4 25. fxg7 Kxg7 26. Qd4+ Kg8 27. Nxc4 Nc6 28. Qxh4 b3 29. Rd3 bxc2+ 30. Ka1 Bc8 31. Rc3 a3 32. Nxa3 Qb6 33. Rgg3 Rb7 34. Rb3 Qd4 35. Rxb7 Qd1 36. Qf4 Bxb7 37. Rd3 Re8 38. Rc3 Re1 39. Rxc2 Nd4 40.
Rc7 Bd5 0-1

[Event "*** SCC Grand Prix: Titled Tuesday Blitz"]
[Site "Chess.com"]
[Date "2020.08.11"]
[Round "8"]
[White "Enriquack"]
[Black "Anna_ChessMate"]
[Result "0-1"]
[WhiteElo "2339"]
[BlackElo "2590"]
[TimeControl "180+1"]
[EndTime "11:34:48 PDT"]
[Termination "Anna_ChessMate won by resignation"]

1. e4 c6 2. d4 d5 3. e5 Bf5 4. Nf3 e6 5. Be2 Nd7 6. O-O h6 7. Nbd2 Ne7 8. Nb3 g5 9. Ne1 Qc7 10. Nd3 Bg7 11. a4 O-O 12. f4 f6 13. exf6 Nxf6 14.
fxg5 hxg5 15. Bxg5 Ne4 16. Bf4 Qd8 17. Ne5 Ng6 18.
Nxg6 Bxg6 19. Bg4 Qe7 20. c3 Rae8 21. Nd2 Qh4 22. Nxe4 Bxe4 23. Qe2 Qh7 24. Qe3 Qg6 25. Bh3 Rf7 26. Bg3 Bh6 27. Qe1 Ref8 28. Rxf7 Rxf7 29. Be5 a5 30. Qg3 Qxg3 31. Bxg3 Be3+ 32. Kh1 Rf6 33. Re1 Bd2 34. Rd1 Bg5 35. Be5 Rh6 36. Bg4 Bc2 37.
Rf1 Bxa4 38. g3 Bc2 39. h4 Bxh4 40. Kg2 Bg5 41. Bd6 Be4+ 42. Kf2 Rh2+ 43. Ke1 Bd2+ 44.
Kd1 Bh6 45. Bxe6+ Kg7 46. Be5+ Kg6 47. Rf6+ Kg5 48. Rf8 Bxf8 0-1

[Event "*** SCC Grand Prix: Titled Tuesday Blitz"]
[Site "Chess.com"]
[Date "2020.08.11"]
[Round "8"]
[White "IMTominho"]
[Black "Kildepiotr"]
[Result "0-1"]
[WhiteElo "2766"]
[BlackElo "2651"]
[TimeControl "180+1"]
[EndTime "11:34:50 PDT"]
[Termination "Kildepiotr won on time"]

1. d4 c5 2. d5 e5 3. e4 d6 4. c4 Be7 5. Nf3 Bg4 6. Bd3 Nd7 7.
Nbd2 Bg5 8. h3 Bxf3 9. Nxf3 Bxc1 10. Qxc1 Ne7 11. O-O O-O 12. Qc2 h6 13. a3 Qc7 14.
Rab1 a5 15. Nd2 a4 16. Rbe1 Ng6 17. g3 Nb6 18. Nb1 Qd7 19. Kg2 Ne7 20. Nc3 f5 21. f4 fxe4 22. Rxe4 exf4 23. Rexf4 Rxf4 24.
Rxf4 g5 25. Rf6 Kg7 26. Qf2 Ng8 27. Re6 Re8 28. Qf5 Rxe6 29. dxe6 Qe7 30. Qg6+ Kf8 31. Ne4 d5 32. cxd5 Nxd5 33. Nxc5 Ndf6 34. Qf5 Qd6 35. Kf2 Ke7 36. h4 gxh4 37. gxh4 Qh2+ 38. Kf1 Qxh4 39. Qe5 Qh1+ 40. Ke2 Qg2+ 41. Kd1 Qc6 42. Bc2 b6 43.
Nd3 Qxe6 44. Qxe6+ Kxe6 45. Bxa4 h5 46. Bb3+ Kd6 47. Nf4 Ne7 48. Ke2 Ke5 49. Ng2 Nf5 50. Bf7 h4 51. Nxh4 Nxh4 52. Kd3 Nf5 0-1

[Event "*** SCC Grand Prix: Titled Tuesday Blitz"]
[Site "Chess.com"]
[Date "2020.08.11"]
[Round "8"]
[White "Babas"]
[Black "Jadeit90"]
[Result "1/2-1/2"]
[WhiteElo "2446"]
[BlackElo "2272"]
[TimeControl "180+1"]
[EndTime "11:34:50 PDT"]
[Termination "Game drawn by agreement"]

1. d4 g6 2. c4 Bg7 3. Nc3 c5 4. Nf3 cxd4 5. Nxd4 Nc6 6. Nc2 Nf6 7. g3 O-O 8. Bg2 d6 9. O-O Be6 10. b3 Qa5 11.
Bb2 Rfc8 12. Qd2 a6 13. a3 Rab8 14. Rfd1 b5 15. b4 Qc7 16. Nd5 Bxd5 17. cxd5 Ne5 18. Ne3 Nfg4 19. Rac1 Qd7 20. Nxg4 Qxg4 21. Bxe5 Bxe5 22.
Rc6 Rxc6 23. dxc6 Rc8 24. Rc1 e6 25. h3 Qd4 26. Qxd4 Bxd4 27. c7 Bb6 28. Bb7 Rxc7 29.
Rxc7 Bxc7 30. Bxa6 Kf8 31. Bxb5 Ke7 32. e3 d5 33. Kf1 Be5 34. Bd3 Bb2 35. a4 Ba3 36. b5 Bb4 37. e4 Kd6 38. exd5 Kxd5 39. Ke2 Ba5 40. Kf3 Kd4 41. Be4 Kc3 42. h4 Kb4 43.
Bc2 Kc3 44. Bd1 Kd2 45. Be2 Kc3 46. Ke4 Bb6 47. f3 Kb4 48. Bd1 Bf2 49. Kf4 f6 50. Kg4 f5+ 51. Kh3 e5 52. g4 e4 53. fxe4 fxe4 54. h5 gxh5 55. gxh5 h6 56. Kg4 Ka5 57. Kf5 e3 58. Kg6 e2 59. Bxe2 Be3 60. Bd1 Kb6 61.
Kf5 Bd2 62. Ke4 Ba5 63. Kd3 Bb4 64. Kc4 Bd2 65. Kd5 Ba5 66. Kd6 Bd2 67. Kd7 Ba5 68.
Ke6 Bd2 69. Kf7 Ba5 70. Kg6 Bd2 71. Kg7 Ka5 72. Kh7 Kb6 73. Kg6 Ka5 74. Kf7 Kb6 75.
Ke6 Ba5 76. Ke5 Bd2 77. Ke4 Bg5 78. Kd3 Bh4 79. Kd2 Bg3 80. Kc3 Be1+ 81. Kc4 Ba5 82. Kd5 Be1 83. Kd6 Ba5 84. Ke7 Bd2 85. Kf6 Ba5 86.
Kg6 Bd2 1/2-1/2

[Event "*** SCC Grand Prix: Titled Tuesday Blitz"]
[Site "Chess.com"]
[Date "2020.08.11"]
[Round "8"]
[White "Manukyan_Artak"]
[Black "volcanoexplorer"]
[Result "0-1"]
[WhiteElo "2359"]
[BlackElo "2634"]
[TimeControl "180+1"]
[EndTime "11:34:51 PDT"]
[Termination "volcanoexplorer won by resignation"]

1. e4 e5 2. Nf3 Nc6 3. d4 exd4 4. Nxd4 Nf6 5. Nxc6 bxc6 6. e5 Qe7 7. Qe2 Nd5 8. c4 Nb6 9. h4 d5 10. exd6 cxd6 11.
Nc3 Be6 12. b3 O-O-O 13. Bb2 d5 14. cxd5 Nxd5 15. Nxd5 Bxd5 16. Qxe7 Bxe7 17. O-O-O f6 18. f3 Bc5 19. Bd3 Kc7 20. h5 h6 21. Bg6 a5 22.
Bc3 Ra8 23. Kc2 Rhb8 24. Rb1 a4 25. b4 Bd6 26. a3 Bb3+ 27. Kb2 c5 28. Be4 cxb4 29. Bxb4 Be5+ 30. Kc1 Ra6 31. Kd2 Rd8+ 32. Ke2 Bd6 33. Rhc1+ Kb8 34. Bxd6+ Raxd6 35. Kf2 Rd2+ 36. Kg3 Ra2 37. Rc5 Rxa3 38. Bd5 Ka7 39. Bxb3 Rxb3 40. Rxb3 axb3 41. Rb5 Rb8 42. Ra5+ Kb6 43.
Ra1 b2 44. Re1 Kc5 45. Kf4 b1=Q 46. Rxb1 Rxb1 47. Kf5 Rb2 48. g4 Kd5 49. Kg6 Rb7 50. f4 Ke4 51. f5 Kf4 52. Kh7 Kxg4 53. Kg6 Kf4 0-1

[Event "*** SCC Grand Prix: Titled Tuesday Blitz"]
[Site "Chess.com"]
[Date "2020.08.11"]
[Round "8"]
[White "attack2mateU"]
[Black "ShahMatKanal"]
[Result "1-0"]
[WhiteElo "2710"]
[BlackElo "2467"]
[TimeControl "180+1"]
[EndTime "11:34:51 PDT"]
[Termination "attack2mateU won by checkmate"]

1. e4 d5 2. exd5 Qxd5 3. Nc3 Qd6 4. d4 Nf6 5. Nf3 c6 6. Ne5 Nbd7 7. Nc4 Qc7 8. Qf3 Nb6 9. Bf4 Qd7 10. Nxb6 axb6 11. O-O-O Qg4 12. Be2 Qxf3 13. Bxf3 e6 14. a3 b5 15. Ne4 Nxe4 16. Bxe4 Be7 17. h4 h5 18. c3 Bd7 19. Kc2 g6 20. Be5 Rg8 21. f3 f6 22.
Bf4 Kf7 23. g4 f5 24. Bd3 hxg4 25. fxg4 Rh8 26. h5 gxh5 27. gxf5 exf5 28. Rdf1 Raf8 29. Be5 Bf6 30. Bxf5 Bxe5 31. Bxd7+ Ke7 32. Rxf8 Rxf8 33. dxe5 Rf2+ 34. Kb3 Kxd7 35. Rxh5 c5 36. Rh6 Kc7 37. e6 c4+ 38. Kb4 Rxb2+ 39. Kc5 b6+ 40. Kd5 Rd2+ 41. Ke5 Re2+ 42. Kf6 Kd6 43. Kf7 Rf2+ 44. Rf6 Re2 45. Rf1 Kc6 46. e7 Re3 47. e8=Q+ Rxe8 48. Kxe8 Kd5 49.
Re1 Kc5 50. Kd7 Kd5 51. Kc7 Kc5 52. Re5# 1-0

[Event "*** SCC Grand Prix: Titled Tuesday Blitz"]
[Site "Chess.com"]
[Date "2020.08.11"]
[Round "8"]
[White "HouseOfDurin"]
[Black "Evachess2006"]
[Result "1-0"]
[WhiteElo "2078"]
[BlackElo "1632"]
[TimeControl "180+1"]
[EndTime "11:34:51 PDT"]
[Termination "HouseOfDurin won on time"]

1. d4 d5 2. Bg5 Nf6 3. Bxf6 exf6 4. e3 Be7 5. c4 O-O 6. Nc3 Be6 7. cxd5 Bxd5 8. Nxd5 Qxd5 9. Ne2 Bb4+ 10. Nc3 Bxc3+ 11.
bxc3 c5 12. Be2 cxd4 13. cxd4 Nc6 14. Bf3 Qa5+ 15. Qd2 Qxd2+ 16. Kxd2 Rac8 17. Rhc1 Rfe8 18. Bxc6 bxc6 19. Rab1 Rb8 20. Rxb8 Rxb8 21. Rxc6 h6 22. d5 Rd8 23. Rc5 Kf8 24. Kd3 Rd7 25. Kc4 Rb7 26. d6 Ke8 27. Kd5 Kd7 28. Ra5 f5 29. f3 f6 30. h4 g5 31. h5 f4 32. exf4 gxf4 33.
Ke4 Rb4+ 34. Kf5 Kxd6 35. Kxf6 Rb2 36. Kg6 Rxg2+ 37. Kxh6 Rg3 38. Ra3 Rh3 39. Kg6 Kc5 40.
h6 Rg3+ 41. Kf6 1-0

[Event "*** SCC Grand Prix: Titled Tuesday Blitz"]
[Site "Chess.com"]
[Date "2020.08.11"]
[Round "8"]
[White "binbin239"]
[Black "sergivila"]
[Result "1-0"]
[WhiteElo "2555"]
[BlackElo "2440"]
[TimeControl "180+1"]
[EndTime "11:34:52 PDT"]
[Termination "binbin239 won on time"]

1. d4 Nf6 2. c4 c5 3. Nf3 g6 4. g3 Bg7 5. Bg2 O-O 6. O-O cxd4 7. Nxd4 Nc6 8. Nc3 d6 9. e3 Bd7 10. b3 Rb8 11. Bb2 a6 12. Rc1 Qa5 13. a3 Nxd4 14.
Qxd4 b5 15. b4 Qd8 16. cxb5 axb5 17. Rfd1 Ng4 18. Qd2 Ne5 19. Bd5 Be6 20. Qe2 Nc4 21. Ba1 Bxd5 22. Nxd5 Bxa1 23. Rxa1 e6 24. Nc3 d5 25. e4 Qf6 26. Rac1 dxe4 27. Nxb5 Ne5 28. Nc3 Nf3+ 29. Kg2 Nd4 30. Qxe4 e5 31. Nd5 Qe6 32. Nf4 exf4 33. Qxd4 fxg3 34. hxg3 Rfe8 35. Qd5 Qe2 36. Rd2 Qe7 37. Rcd1 Ra8 38. Rd3 Qe2 39.
Qf3 Qe5 40. Rd7 Qe6 41. R1d6 Qa2 42. Rd3 Rf8 43. Re7 Rac8 44. b5 Rc2 45. b6 Rb2 46. b7 Qb1 47. Rdd7 Qa2 48. Rc7 Rb1 49. Rc8 1-0

[Event "*** SCC Grand Prix: Titled Tuesday Blitz"]
[Site "Chess.com"]
[Date "2020.08.11"]
[Round "8"]
[White "rasmussvane"]
[Black "wannabe2700"]
[Result "0-1"]
[WhiteElo "2858"]
[BlackElo "2684"]
[TimeControl "180+1"]
[EndTime "11:34:53 PDT"]
[Termination "wannabe2700 won on time"]

1. Nf3 f5 2. d3 Nc6 3. e4 e5 4.
d4 fxe4 5. Nxe5 Nf6 6. Bc4 d5 7. Bb5 Qd6 8. c4 dxc4 9. Nc3 Bd7 10. Bf4 Qxd4 11. Qxd4 Nxd4 12. Nxd7 Nxd7 13. O-O-O c5 14. Bxc4 Nf6 15. Rhe1 O-O-O 16. Nxe4 Nxe4 17. Rxe4 b5 18. Be6+ Kb7 19. Be3 Be7 20. Bxd4 cxd4 21. Bd5+ Rxd5 22. Rxe7+ Kb6 23. Rxg7 h5 24. Rd3 Re8 25. Kd1 Rde5 26. Rxd4 Re1+ 27. Kc2 R1e2+ 28. Rd2 Rc8+ 29. Kd1 Re5 30.
Rd6+ Kc5 31. Rd3 Kb6 32. Rg6+ Kb7 33. Rd7+ Kb8 34. Rgg7 Rce8 35. Rb7+ Kc8 36. Rxa7 Re1+ 37. Kc2 R1e2+ 38. Kb3 Kb8 39. f3 Rxg2 40. Rxg2 Kxa7 41. Rg5 Kb6 42. Rxh5 Re3+ 43. Kc2 Rxf3 44. a3 Ka5 45. Rh6 Rf2+ 0-1